 Dungeon Crawl Stone Soup version 0.30-a0-1103-g25895a7845 (webtiles) character file.

Game seed: 544940011598312697

61 Pimp the Firebug (level 3, 0/24 HPs)
             Began as a Demonspawn Fire Elementalist on Apr 18, 2023.
             Slain by Sigmund
             ... wielding a +0 scythe
              (8 damage)
             ... on level 2 of the Dungeon.
             The game lasted 00:03:34 (1696 turns).

Pimp the Firebug (Demonspawn Fire Elementalist)     Turns: 1696, Time: 00:03:34

Health: 0/24       AC:  3    Str:  8    XL:     3   Next: 83%
Magic:  6/6        EV: 12    Int: 18    God:
Gold:   92         SH:  0    Dex: 13    Spells: 5/6 levels left

rFire   . . .      SeeInvis .    f - +0 hand axe (venom)
rCold   . . .      Faith    .    (no shield)
rNeg    . . .      Spirit   .    a - +0 robe
rPois   .          Reflect  .    (no helmet)
rElec   .          Rampage  .    (no cloak)
rCorr   .                        (no gloves)
Will    .....                    (no boots)
Stlth   ++                       (no amulet)
HPRegen 0.24/turn                (no ring)
MPRegen 0.10/turn                (no ring)

@: no status effects
A: rugged brown scales 1
a: no special abilities


You were on level 2 of the Dungeon.
You visited 1 branch of the dungeon, and saw 2 of its levels.

You collected 92 gold pieces.

Inventory:

Hand Weapons
 f - a +0 hand axe of venom (weapon)
Armour
 a - a +0 robe (worn)
Potions
 b - 2 potions of magic
 c - a potion of curing
 d - 3 potions of haste {unknown}
 i - a potion of heal wounds {unknown}


   Skills:
 + Level 0.7 Axes
 + Level 2.3 Dodging
 + Level 2.2 Stealth
 + Level 2.3 Spellcasting
 + Level 1.7 Conjurations
 + Level 3.0 Fire Magic


You had 5 spell levels left.
You knew the following spells:

 Your Spells              Type           Power      Damage    Failure   Level
a - Foxfire               Conj/Fire      40%        2x1d6     6%          1

Your spell library contained the following spells:

 Spells                   Type           Power      Damage    Failure   Level
 Scorch                   Fire           26%        2d6       8%          2
 Slow                     Hex            8%         N/A       17%         1
 Static Discharge         Conj/Air       10%        2-3/arc   19%         2
 Inner Flame              Hex/Fire       7%         N/A       28%         3
 Volatile Blastmotes      Fire/Tloc      14%        2d11      28%         3
 Confusing Touch          Hex            2%         N/A       45%         3
 Vampiric Draining        Necr           2%         2d6       45%         3
 Flame Wave               Conj/Fire      10%        2d6       54%         4
 Airstrike                Air            1%         2d(1-17)  86%         4
 Summon Lightning Spire   Summ/Air       2%         N/A       86%         4


Dungeon Overview and Level Annotations

Branches:
Dungeon (2/15)

Altars:

Shops:
D:1 (

Annotations:
D:2 Sigmund


Innate Abilities, Weirdness & Mutations

You are partially covered in rugged brown scales. (AC +1, +3% HP)


Message History

The kobold is heavily wounded.
Casting: Foxfire (safe; 7% risk of failure)
Confirm with . or Enter, or press ? or * to list all spells.
You conjure some foxfire!
Your foxfire dissipates!
The foxfire hits the kobold.
You kill the kobold!
You start resting.
Magic restored.
As you read the scroll labelled EKOVYI MUONYE, it crumbles to dust.
You feel strangely unstable.
It was a scroll of teleportation.
Unknown command.
As you read the scroll labelled IKLUAK RESMIUQ, it crumbles to dust.
It is a scroll of brand weapon.
Your +0 hand axe drips with poison.
f - a +0 hand axe of venom (weapon)
A worm comes into view.
A worm is nearby!
Your surroundings suddenly seem different.
There is a stone staircase leading down here.
You see here a +0 leather armour.
An adder comes into view.
An adder is nearby!
Found a tubular glass ring.
A goblin comes into view. It is wielding a +0 dagger.
The goblin shouts!
The adder hisses angrily.
You hear a shout!
Sigmund the Dreaded comes into view.
He is wielding a +0 scythe.
Sigmund shouts!
The adder bites you but does no damage. The adder closely misses you.
You barely miss the adder. The adder bites you.
Sigmund casts a spell.
Sigmund flickers and vanishes!
Deactivating autopickup; reactivate with Ctrl-A.
You closely miss the adder. The adder bites you. The adder barely misses you.
You hit the adder but do no damage.
The adder is poisoned.
The adder misses you. Something hits you! The adder barely misses you.
You hit the adder.
The adder looks as sick as possible!
The adder is moderately wounded.
The adder barely misses you. Something hits you!
You die...

...#...§...≈...≈§§§......))..####
####≈.≈.≈.≈.≈.≈.≈.≈.#.####..## #
#.≈...≈...≈...§.[#.#......### #
#≈.§.§.≈.≈.≈.§.≈.....####...# #
#...≈[..≈...≈.......#######.#
####≈.≈.≈.≈.§.≈.§.≈.##....# #.#
...#.≈.(.≈...≈...§.######.# #.##
##..§.≈ .≈.≈.≈.≈.≈# #.# #..# #
#... .§§...≈@..# #.# ##.# # .≈
.≈§§.≈S≈.≈# #.# #.# # §§§.≈.g.≈.#
#.# #.# # §§.≈.≈.§.## #.#####..
........=. #......). ..........#
#........ ..........# #........
........... #........ ...........


You could see an adder (extremely poisoned) and a goblin.

Vanquished Creatures
  2 adders (D:2)
  4 dart slugs
  3 endoplasms (D:2)
  2 giant cockroaches (D:1)
  3 goblins
  3 hobgoblins
  6 ball pythons
  4 bats
  A frilled lizard (D:2)
  4 kobolds
  2 rats
34 creatures vanquished.

Vanquished Creatures (others)
  64 foxfires
64 creatures vanquished.

Grand Total: 98 creatures vanquished

Notes
Turn   | Place    | Note
-------+----------+-------------------------------------------
     0 | D:1      | Pimp the Demonspawn Fire Elementalist began the quest for
                  | the Orb.
     0 | D:1      | Reached XP level 1. HP: 13/13 MP: 3/3
   393 | D:1      | Gained mutation: You are partially covered in rugged brown
                  | scales. (AC +1, +3% HP) [demonic ancestry]
   393 | D:1      | Reached XP level 2. HP: 13/19 MP: 1/5
   822 | D:1      | Found Unoycaod's Weapon Emporium.
  1245 | D:2      | Reached XP level 3. HP: 24/24 MP: 3/6
  1452 | D:2      | Reached skill level 3 in Fire Magic
  1691 | D:2      | Noticed Sigmund
  1696 | D:2      | Slain by Sigmund

Illustrated notes

Levels and vault maps discovered:
D:1:      mrwooster_arrival_statue_3, layout_loops_ring, serial_shops,
          nicolae_shop_pleasant_corner_grove, minmay_misc_feat_square
D:2:      layout_rooms, serial_corexii_hall, corexii_hall_statues_t,
          corexii_hall_statues_l, corexii_hall_statues_t, kennysheep_crisscross,
          eino_tiny_chamber, uniq_sigmund

Skill      XL: |  1  2  3 |
---------------+----------+-----
Stealth        | 2 |  2.2
Dodging        | 2 |  2.3
Fire Magic     | 3 |  3.0
Axes           | |  0.7
Spellcasting   | |  2.3
Conjurations   | |  1.7

Action                     || total
---------------------------++-------
  Melee: Unarmed           ||    10
         Hand axe          ||    50
   Cast: Foxfire           ||    41
    Use: Scroll            ||     6
   Stab: Sleeping          ||     2
 Armour: Robe              ||    22
  Dodge: Dodged            ||    64

Table legend: (Time is in decaauts)
 A = Elapsed time spent in this place.
 B = Non-inter-level travel time spent in this place.
 C = Inter-level travel time spent in this place.
 D = Time resting spent in this place.
 E = Time spent auto-exploring this place.
 F = Levels seen in this place.
 G = Mean time per level.
                   A        B        C        D        E       F      G
               +--------+--------+--------+--------+--------+-----+--------+
         Total |   1708 |   1656 |     52 |    130 |   1146 |   2 |  854.0 |
       Dungeon |   1708 |   1656 |     52 |    130 |   1146 |   2 |  854.0 |
               +--------+--------+--------+--------+--------+-----+--------+

Top non-repeatable levels by time:
     D:1: 933 daAuts
     D:2: 775 daAuts
